 Dungeon Crawl Stone Soup version 0.19.0-2-gae57169 (console) character file.

249 Morrissey the Charmwright (level 5, 0/36 HPs)
             Began as a High Elf Skald on Nov 4, 2016.
             Slain by Blork the orc
             ... wielding a +0 long sword
              (2 damage)
             ... on level 4 of the Dungeon.
             The game lasted 00:10:56 (2911 turns).

Morrissey the Charmwright (High Elf Skald)          Turns: 2911, Time: 00:10:57

Health: 0/36       AC:  5    Str: 11    XL:     5   Next: 86%
Magic:  7/10       EV: 12    Int: 15    God:
Gold:   168        SH:  0    Dex: 20    Spells: 4 memorised, 1 level left

rFire  . . .     SeeInvis .     a - +0 falchion
rCold  . . .     Gourm    +     b - +0 leather armour
rNeg   . . .     Faith    .     (no shield)
rPois  .         Spirit   .     (no helmet)
rElec  .         Reflect  .     (no cloak)
rCorr  .         Harm     .     (no gloves)
MR     .....                    (no boots)
Stlth  ++........               u - amulet of the gourmand
                                t - +2 ring of protection
                                f - +4 ring of dexterity

@: no status effects
A: no striking features
a: no special abilities


You were on level 4 of the Dungeon.
You were very full.

You visited 1 branch of the dungeon, and saw 4 of its levels.

You collected 168 gold pieces.

Inventory:

Hand Weapons
 a - a +0 falchion (weapon)
Armour
 b - a +0 leather armour (worn)
Jewellery
 f - a +4 ring of dexterity (left hand)
 t - a +2 ring of protection (right hand)
 u - an amulet of the gourmand (around neck)
 y - an uncursed ring of fire
Wands
 w - a wand of iceblast (3/15)
Scrolls
 e - a scroll of remove curse {unknown}
 i - a scroll of random uselessness {unknown}
 j - 4 scrolls of identify {unknown}
 k - a scroll of blinking {unknown}
 m - a scroll of immolation {unknown}
 n - a scroll of magic mapping {unknown}
 o - a scroll of enchant weapon {unknown}
 p - a scroll of fog {unknown}
 r - 2 scrolls of teleportation {unknown}
Potions
 h - 2 potions of cure mutation
 q - 2 potions of curing {unknown}
 s - 3 potions of flight {unknown}
 v - 2 potions of berserk rage {unknown}
Books
 c - a book of Battle

   Spells                             Type                      Level
   a - Infusion                       Charms                       1
   b - Shroud of Golubria             Charms/Translocation         2
   c - Song of Slaying                Charms                       2
   d - Spectral Weapon                Hexes/Charms                 3
   e - Regeneration                   Charms/Necromancy            3
Comestibles
 d - a bread ration
 g - 2 meat rations
 x - a beef jerky
 z - 4 chunks of flesh


   Skills:
 + Level 2.8 Fighting
 * Level 4.2 Long Blades
 + Level 1.7 Armour
 + Level 2.2 Dodging
 + Level 3.2 Spellcasting
 + Level 1.7 Hexes
 * Level 4.7 Charms


You had one spell level left.
You knew the following spells:

 Your Spells              Type           Power        Failure   Level  Hunger
a - Infusion              Chrm           ###.         3%          1    #......
b - Spectral Weapon       Hex/Chrm       ##......     21%         3    ###....
c - Regeneration          Chrm/Necr      #.........   30%         3    ###....
d - Shroud of Golubria    Chrm/Tloc      #.........   17%         2    ##.....


Dungeon Overview and Level Annotations

Branches:
Dungeon (4/15)
 Temple: D:4-7

Altars:
Yredelemnul

Annotations:
D:1 exclusion: 2 downstairs
D:2 exclusion: downstairs
D:3 Lonerover's ghost, amateur HuBe
D:4 Blork the orc


Message History

The magic dart hits you!
* * * LOW HITPOINT WARNING * * *
Blork the orc points at you and mumbles some strange words.
The magic dart hits you!
* * * LOW HITPOINT WARNING * * *
You closely miss Blork the orc.
Blork the orc is moderately wounded.
Your spectral weapon hits Blork the orc.
Blork the orc hits you with a long sword.
* * * LOW HITPOINT WARNING * * *
Blork the orc points at you and mumbles some strange words.
The puff of frost misses you.
Okay, then.
You barely miss Blork the orc.
Blork the orc is heavily wounded.
Your spectral weapon hits Blork the orc but does no damage.
Blork the orc hits you with a long sword.
* * * LOW HITPOINT WARNING * * *
Blork the orc hits you with a long sword.
You die...

### ### #
#.#############.####
#(o@............#..)
#†#############.#.##
#.# #.#.## #####'###
#.#... #.......#
#.#### #.......#
#..... ###.......#
###### #.........#
#...###+###


You could see Blork the orc and a friendly spectral falchion.

Vanquished Creatures
  A howler monkey (D:4)
  2 centaur skeletons
  A hound skeleton (D:4)
  Robin (D:2)
  2 adders (D:2)
  A gnoll (D:1)
  2 oozes
  A dart slug (D:1)
  A worm (D:2)
  A leopard gecko (D:1)
  6 orcs
  A ball python (D:2)
  3 bats
  2 giant cockroaches
  14 goblins
  5 hobgoblins
  12 jackals
  8 kobolds
  2 quokkas (D:2)
  4 frilled lizards
  8 rats
78 creatures vanquished.

Notes
Turn   | Place    | Note
-------+----------+-------------------------------------------
     0 | D:1      | Morrissey the High Elf Skald began the quest for the Orb.
     0 | D:1      | Reached XP level 1. HP: 14/14 MP: 4/4
   184 | D:1      | Reached skill level 1 in Armour
   286 | D:1      | Reached XP level 2. HP: 17/19 MP: 6/6
   693 | D:1      | Reached XP level 3. HP: 16/25 MP: 8/8
  1348 | D:2      | Learned a level 3 spell: Spectral Weapon
  1352 | D:2      | Learned a level 3 spell: Regeneration
  1664 | D:2      | Reached XP level 4. HP: 24/30 MP: 4/9
  1719 | D:2      | Found a basalt altar of Yredelemnul.
  1921 | D:2      | Noticed Robin
  1967 | D:2      | Killed Robin
  2504 | D:3      | Reached skill level 1 in Hexes
  2592 | D:3      | Reached XP level 5. HP: 27/35 MP: 10/10
  2664 | D:3      | Learned a level 2 spell: Shroud of Golubria
  2677 | D:3      | Noticed Lonerover's ghost (amateur HuBe)
  2868 | D:4      | Noticed Blork the orc
  2901 | D:4      | HP: 1/36 [something (1)]
  2911 | D:4      | Slain by Blork the orc

Skill      XL: |  1  2  3  4  5 |
---------------+----------------+-----
Armour         | 1 |  1.7
Charms         | 4 |  4.7
Spellcasting   | 3 |  3.2
Long Blades    | 3 4 |  4.2
Dodging        | 2 |  2.2
Hexes          | 1 |  1.7
Fighting       | |  2.8

Action                   |  1- 3 |  4- 6 || total
-------------------------+-------+-------++-------
Melee: Falchion          |   114 |   138 ||   252
 Cast: Infusion          |     5 |     3 ||     8
       Spectral Weapon   |       |     2 ||     2
  Use: Potion            |       |     3 ||     3
 Stab: Sleeping          |     1 |     2 ||     3
  Eat: Chunk             |     3 |    15 ||    18
Armor: Leather armour    |    24 |    41 ||    65
Dodge: Dodged            |    93 |    85 ||   178
       Rpst.: Falchion   |    28 |    24 ||    52
